General information
- name: BNet
- type: Ladder team game (AT/RT)
- host: Battle.net
- saver: Gobiner
map: Monsoon
- players: 6
- length: 26:28
- speed: Fast
- version: 1.24 W3XP
- replay type: Public
» download(240 KB)
Players
team 1 (winner)
Bleeeeurgh (
blue | 123 APM | 3261 actions | 26:25)
6 Pandaren Brewmaster
3 Breath of Fire
1 Drunken Haze
1 Drunken Brawler
1 Storm Earth and Fire
4 Paladin
2 Holy Light
2 Divine Shield
» actions
| Assign group hotkey | 11 | |
| Basic commands | 11 | |
| Build / train | 84 | |
| ESC pressed | 1 | |
| Enter build submenu | 26 | |
| Enter hero's abilities submenu | 10 | |
| Give item / drop item | 8 | |
| Right click | 2207 | |
| Select / deselect | 542 | |
| Select group hotkey | 186 | |
| Use ability | 175 | |
3261 total
» units
» upgrades
» buildings
| Altar of Kings | 1 | |
| Farm | 5 | |
| Scout Tower | 16 | |
| Arcane Tower | 6 | |
| Lumber Mill | 1 | |
| Guard Tower | 6 | |
| Arcane Vault | 1 | |
| Town Hall | 2 | |
| Keep | 1 | |
39 total
» build order
00:07 Altar of Kings
00:20 Farm
00:44 Scout Tower
01:12 Arcane Tower
01:23 Farm
01:41 Scout Tower
02:09 Arcane Tower
02:12 Lumber Mill
02:16 Scout Tower
02:53 Scout Tower
03:15 Guard Tower
03:16 Scout Tower
03:34 Arcane Tower
03:37 Scout Tower
03:47 Farm
03:48 Farm
04:15 Guard Tower
04:16 Arcane Tower
04:23 Scout Tower
04:45 Arcane Vault
05:48 Guard Tower
05:49 Scout Tower
05:54 Farm
06:11 Scout Tower
06:27 Guard Tower
06:54 Town Hall
07:09 Guard Tower
07:14 Scout Tower
07:20 Scout Tower
07:44 Keep
08:21 Guard Tower
08:23 Arcane Tower
08:24 Scout Tower
12:20 Town Hall
20:41 Scout Tower
20:43 Scout Tower
20:44 Scout Tower
20:46 Scout Tower
22:10 Arcane Tower
» items
| Staff of Teleportation | 2 | |
| Boots of Speed | 2 | |
| Lesser Clarity Potion | 14 | |
| Scroll of Regeneration | 1 | |
| Healing Salve | 3 | |
| Scroll of Town Portal | 1 | |
| Potion of Healing | 1 | |
| Staff of Sanctuary | 1 | |
| Potion of Mana | 2 | |
| Orb of Lightning | 2 | |
| Potion of Lesser Invulnerability | 1 | |
30 total
Gobiner (
red | 55 APM | 1453 actions | 26:28)
5 Blademaster
3 Wind Walk
2 Critical Strike
» actions
| Assign group hotkey | 12 | |
| Basic commands | 6 | |
| Build / train | 78 | |
| Enter build submenu | 36 | |
| Enter hero's abilities submenu | 5 | |
| Give item / drop item | 5 | |
| Right click | 631 | |
| Select / deselect | 181 | |
| Select group hotkey | 363 | |
| Use ability | 136 | |
1453 total
» units
» upgrades
| Liquid Fire | 1 | |
| Ranged Weapons | 3 | |
| Armor | 3 | |
| Spiked Barricades | 1 | |
| Troll Regeneration | 1 | |
| Burning Oil | 1 | |
10 total
» buildings
| Altar of Storms | 1 | |
| Orc Burrow | 4 | |
| War Mill | 1 | |
| Watch Tower | 23 | |
| Voodoo Lounge | 3 | |
| Stronghold | 3 | |
| Fortress | 1 | |
| Beastiary | 2 | |
| Barracks | 1 | |
39 total
» build order
00:09 Altar of Storms
00:18 Orc Burrow
00:31 War Mill
01:46 Watch Tower
01:53 Orc Burrow
02:18 Watch Tower
02:48 Watch Tower
02:53 Voodoo Lounge
03:21 Watch Tower
03:57 Watch Tower
04:02 Watch Tower
04:24 Stronghold
04:25 Stronghold
04:25 Stronghold
04:58 Voodoo Lounge
05:44 Watch Tower
05:45 Watch Tower
06:59 Watch Tower
07:00 Watch Tower
07:01 Fortress
07:06 Beastiary
07:18 Voodoo Lounge
07:32 Beastiary
08:03 Orc Burrow
08:03 Orc Burrow
08:35 Watch Tower
08:36 Watch Tower
09:51 Watch Tower
09:52 Watch Tower
11:37 Watch Tower
11:39 Watch Tower
12:45 Watch Tower
12:48 Watch Tower
13:56 Watch Tower
13:59 Watch Tower
15:13 Watch Tower
15:15 Watch Tower
19:16 Barracks
20:20 Watch Tower
» items
| Healing Salve | 3 | |
| Lesser Clarity Potion | 9 | |
| Boots of Speed | 1 | |
| Staff of Teleportation | 4 | |
| Orb of Lightning | 1 | |
| Potion of Mana | 2 | |
| Tiny Great Hall | 1 | |
| Potion of Lesser Invulnerability | 1 | |
22 total
ImInSC2Beta (
yellow | 106 APM | 2790 actions | 26:25)
5 Archmage
3 Blizzard
2 Brilliance Aura
3 Blood Mage
2 Flame Strike
1 Siphon Mana
2 Dark Ranger
1 Silence
1 Life Drain
» actions
| Assign group hotkey | 22 | |
| Basic commands | 21 | |
| Build / train | 135 | |
| ESC pressed | 7 | |
| Enter build submenu | 78 | |
| Enter hero's abilities submenu | 10 | |
| Give item / drop item | 10 | |
| Right click | 1205 | |
| Select / deselect | 321 | |
| Select group hotkey | 699 | |
| Use ability | 282 | |
2790 total
» units
| Peasant | 37 | |
| Sorceress | 1 | |
| Priest | 2 | |
40 total
» upgrades
| Magic Sentry | 1 | |
| Sorceress Training | 2 | |
| Masonry | 3 | |
| Lumber Harvesting | 2 | |
| Priest Training | 2 | |
10 total
» buildings
| Altar of Kings | 1 | |
| Farm | 5 | |
| Lumber Mill | 1 | |
| Scout Tower | 72 | |
| Arcane Tower | 1 | |
| Guard Tower | 32 | |
| Keep | 5 | |
| Town Hall | 4 | |
| Arcane Sanctum | 1 | |
| Castle | 1 | |
| Arcane Vault | 1 | |
124 total
» build order
00:09 Altar of Kings
00:26 Farm
00:49 Lumber Mill
01:08 Farm
01:19 Scout Tower
01:45 Scout Tower
01:47 Scout Tower
01:48 Arcane Tower
02:19 Scout Tower
02:20 Guard Tower
02:39 Scout Tower
02:58 Guard Tower
03:00 Scout Tower
03:15 Guard Tower
03:16 Guard Tower
03:23 Scout Tower
03:24 Scout Tower
03:50 Keep
03:50 Keep
03:51 Keep
03:54 Scout Tower
04:14 Guard Tower
04:14 Guard Tower
05:29 Town Hall
05:52 Scout Tower
05:53 Scout Tower
05:54 Guard Tower
07:01 Scout Tower
07:02 Scout Tower
07:02 Scout Tower
07:06 Arcane Sanctum
07:30 Scout Tower
07:32 Scout Tower
07:33 Guard Tower
08:08 Scout Tower
08:10 Scout Tower
08:11 Guard Tower
08:30 Castle
09:21 Farm
09:22 Farm
10:31 Guard Tower
11:39 Scout Tower
11:41 Scout Tower
11:58 Scout Tower
11:58 Scout Tower
12:44 Guard Tower
12:47 Scout Tower
12:48 Scout Tower
13:10 Arcane Vault
14:27 Guard Tower
14:27 Guard Tower
15:07 Scout Tower
15:08 Scout Tower
15:09 Scout Tower
16:13 Scout Tower
16:14 Scout Tower
17:09 Guard Tower
17:15 Town Hall
17:18 Scout Tower
17:44 Farm
17:48 Scout Tower
17:49 Scout Tower
17:49 Scout Tower
17:49 Scout Tower
17:50 Scout Tower
17:56 Scout Tower
17:57 Scout Tower
18:28 Guard Tower
18:37 Scout Tower
18:38 Scout Tower
18:38 Scout Tower
18:56 Scout Tower
18:56 Scout Tower
18:58 Guard Tower
20:28 Scout Tower
20:49 Guard Tower
20:51 Scout Tower
20:51 Scout Tower
20:52 Scout Tower
20:52 Scout Tower
20:55 Scout Tower
20:55 Scout Tower
20:57 Scout Tower
20:59 Scout Tower
21:01 Guard Tower
21:03 Guard Tower
21:03 Guard Tower
22:42 Guard Tower
22:44 Scout Tower
22:44 Scout Tower
22:46 Scout Tower
22:46 Scout Tower
22:47 Scout Tower
22:47 Scout Tower
22:49 Scout Tower
22:49 Scout Tower
22:50 Scout Tower
22:51 Scout Tower
22:52 Scout Tower
22:52 Scout Tower
22:53 Scout Tower
22:54 Scout Tower
22:54 Scout Tower
22:55 Scout Tower
22:55 Scout Tower
22:55 Scout Tower
23:12 Guard Tower
23:13 Guard Tower
23:19 Guard Tower
23:20 Guard Tower
23:24 Guard Tower
23:30 Scout Tower
23:39 Town Hall
24:31 Guard Tower
24:45 Town Hall
24:46 Guard Tower
25:19 Guard Tower
25:20 Scout Tower
» items
| Boots of Speed | 3 | |
| Staff of Teleportation | 3 | |
| Circlet of Nobility | 4 | |
| Healing Salve | 2 | |
| Lesser Clarity Potion | 2 | |
| Potion of Invisibility | 2 | |
| Potion of Lesser Invulnerability | 1 | |
| Potion of Healing | 4 | |
| Orb of Lightning | 5 | |
| Scroll of Town Portal | 1 | |
| Potion of Mana | 1 | |
| Staff of Sanctuary | 2 | |
30 total
team 2 (loser)
DesiRe_ (
green | 215 APM | 5692 actions | 26:25)
4 Priestess of the Moon
1 Searing Arrows
2 Trueshot Aura
1 Scout
» actions
| Assign group hotkey | 108 | |
| Basic commands | 605 | |
| Build / train | 79 | |
| ESC pressed | 25 | |
| Enter build submenu | 21 | |
| Enter hero's abilities submenu | 8 | |
| Right click | 1730 | |
| Select / deselect | 856 | |
| Select group hotkey | 2184 | |
| Use ability | 76 | |
5692 total
» units
| Wisp | 16 | |
| Archer | 24 | |
| Glaive Thrower | 12 | |
52 total
» upgrades
| Ultravision | 1 | |
| Strength of the Moon | 2 | |
| Vorpal Blades | 1 | |
| Improved Bows | 1 | |
| Moon Armor | 2 | |
| Nature's Blessing | 1 | |
8 total
» buildings
| Altar of Elders | 1 | |
| Moon Well | 6 | |
| Ancient of War | 3 | |
| Tree of Ages | 2 | |
| Hunter's Hall | 1 | |
| Ancient of Lore | 2 | |
| Ancient Protector | 4 | |
| Tree of Life | 1 | |
20 total
» build order
00:06 Altar of Elders
00:18 Moon Well
00:48 Ancient of War
01:40 Moon Well
03:17 Moon Well
03:19 Tree of Ages
03:19 Tree of Ages
04:17 Moon Well
05:11 Hunter's Hall
05:47 Ancient of War
05:53 Ancient of War
10:24 Moon Well
10:25 Moon Well
12:55 Ancient of Lore
12:58 Ancient of Lore
18:49 Ancient Protector
18:51 Ancient Protector
18:52 Ancient Protector
19:58 Tree of Life
20:03 Ancient Protector
» items
| Scroll of Town Portal | 1 | |
| Scroll of Healing | 1 | |
| Scroll of Protection | 1 | |
| Potion of Lesser Invulnerability | 1 | |
4 total
Rabbitz (
orange | 151 APM | 3940 actions | 26:08)
5 Keeper of the Grove
3 Entangling Roots
2 Force of Nature
» actions
| Assign group hotkey | 43 | |
| Basic commands | 238 | |
| Build / train | 62 | |
| ESC pressed | 2 | |
| Enter build submenu | 16 | |
| Enter hero's abilities submenu | 5 | |
| Give item / drop item | 2 | |
| Remove unit from queue | 2 | |
| Right click | 1782 | |
| Select / deselect | 338 | |
| Select group hotkey | 1331 | |
| Use ability | 119 | |
3940 total
» units
| Wisp | 19 | |
| Archer | 11 | |
| Glaive Thrower | 5 | |
| Mountain Giant | 2 | |
37 total
» upgrades
| Strength of the Moon | 2 | |
| Vorpal Blades | 1 | |
| Improved Bows | 1 | |
4 total
» buildings
| Altar of Elders | 1 | |
| Moon Well | 5 | |
| Ancient of War | 2 | |
| Hunter's Hall | 2 | |
| Tree of Ages | 2 | |
| Ancient of Wonders | 1 | |
| Tree of Life | 1 | |
| Ancient of Lore | 1 | |
15 total
» build order
00:07 Altar of Elders
00:18 Moon Well
01:16 Ancient of War
01:49 Moon Well
02:29 Hunter's Hall
03:08 Moon Well
03:16 Hunter's Hall
03:49 Tree of Ages
03:49 Tree of Ages
04:42 Ancient of Wonders
05:21 Ancient of War
06:51 Moon Well
07:20 Tree of Life
09:29 Ancient of Lore
12:59 Moon Well
» items
| Dust of Appearance | 4 | |
| Moonstone | 1 | |
| Potion of Healing | 1 | |
| Scroll of Protection | 1 | |
| Scroll of Healing | 1 | |
| Scroll of Regeneration | 1 | |
| Potion of Lesser Invulnerability | 1 | |
10 total
whazup (
pink | 70 APM | 1839 actions | 26:13)
4 Archmage
2 Summon Water Elemental
2 Brilliance Aura
» actions
| Assign group hotkey | 65 | |
| Basic commands | 60 | |
| Build / train | 88 | |
| ESC pressed | 21 | |
| Enter build submenu | 34 | |
| Enter hero's abilities submenu | 4 | |
| Give item / drop item | 1 | |
| Remove unit from queue | 1 | |
| Right click | 774 | |
| Select / deselect | 428 | |
| Select group hotkey | 262 | |
| Use ability | 101 | |
1839 total
» units
| Peasant | 19 | |
| Footman | 6 | |
| Rifleman | 21 | |
| Siege Engine | 5 | |
| Dragonhawk Rider | 7 | |
| Flying Machine | 6 | |
| Mortar Team | 3 | |
67 total
» upgrades
| Defend | 1 | |
| Gunpowder | 2 | |
| Plating | 2 | |
| Barrage | 1 | |
6 total
» buildings
| Altar of Kings | 1 | |
| Barracks | 1 | |
| Farm | 7 | |
| Lumber Mill | 2 | |
| Scout Tower | 10 | |
| Arcane Tower | 1 | |
| Keep | 1 | |
| Blacksmith | 1 | |
| Arcane Vault | 1 | |
| Workshop | 3 | |
| Castle | 1 | |
| Town Hall | 2 | |
| Guard Tower | 1 | |
| Gryphon Aviary | 2 | |
34 total
» build order
00:08 Altar of Kings
00:14 Barracks
00:22 Farm
01:02 Farm
01:34 Lumber Mill
02:36 Farm
02:39 Scout Tower
03:22 Arcane Tower
03:49 Keep
03:54 Blacksmith
05:24 Farm
06:02 Arcane Vault
07:01 Workshop
07:31 Workshop
07:34 Workshop
07:47 Castle
08:20 Town Hall
08:21 Scout Tower
08:23 Scout Tower
08:24 Scout Tower
08:29 Scout Tower
09:44 Guard Tower
10:12 Town Hall
12:18 Farm
12:20 Farm
12:26 Farm
12:56 Lumber Mill
13:43 Gryphon Aviary
15:11 Gryphon Aviary
16:50 Scout Tower
16:51 Scout Tower
16:57 Scout Tower
16:58 Scout Tower
16:59 Scout Tower
» items
| Scroll of Regeneration | 3 | |
| Boots of Speed | 1 | |
| Staff of Teleportation | 1 | |
5 total
Chat log
(04:17 / All) Rabbitz: cause ur noob u didnt get dusted
(04:43 / All) Gobiner: ok thanks for being noob
(06:06 / All) DesiRe_: lol HP strat
(07:59 / All) ImInSC2Beta: C u
(08:02 / All) DesiRe_: C u
(08:03 / All) Rabbitz: lol
(08:04 / All) Rabbitz: 250 delay
(08:06 / All) Rabbitz: already entangled
(08:07 / All) Rabbitz: noob
(08:17 / All) ImInSC2Beta: damn
(08:21 / All) ImInSC2Beta: u in a whole diff leauge than me
(08:22 / All) ImInSC2Beta: LoL
(09:38 / All) Gobiner: nice workshops
(10:50 / All) Rabbitz: lol
(10:54 / All) Rabbitz: embarassing
(11:11 / All) Rabbitz: lol embarassing
(19:06 / All) ImInSC2Beta: LoL
(19:12 / All) ImInSC2Beta: at least u killed sum towers
(19:59 / Allies) ImInSC2Beta: fuck lag
(21:47 / All) Rabbitz: 250 delay
(21:52 / All) Rabbitz: |and agen
(21:54 / All) ImInSC2Beta: Get a new internet plz
(21:57 / All) Gobiner: nice noobscuses
(21:58 / All) DesiRe_: Lol
(22:02 / All) Rabbitz: get a new country
(22:02 / All) Rabbitz: u mean
(22:04 / All) Rabbitz: nub
(22:05 / All) Gobiner: It's a win-win even if you lose-lose!
(22:14 / All) DesiRe_: lol
(22:14 / All) ImInSC2Beta: i think its number 1
(22:19 / All) DesiRe_: funny whered u get that
(22:30 / All) Gobiner: get what
(22:31 / All) Rabbitz: suck balls
(22:33 / All) ImInSC2Beta: some people are creative green
(22:35 / All) DesiRe_: that chat thing
(22:37 / All) ImInSC2Beta: appently none in your country thou
(22:38 / All) DesiRe_: lol
(22:40 / All) DesiRe_: loll
(22:40 / All) Gobiner: wrote it myself
(22:44 / All) DesiRe_: nice
(22:48 / All) Rabbitz: american 0ping scum
(22:51 / All) Rabbitz: lol
(24:18 / All) ImInSC2Beta: C u
(24:24 / All) Rabbitz: U lost a hero like a noob
(24:25 / All) Rabbitz: c u
(24:32 / All) Bleeeeurgh: you lost a game
(24:35 / All) Bleeeeurgh: Like a noob.
(24:35 / All) ImInSC2Beta: ^^
(24:40 / All) ImInSC2Beta: 3 noobs
(24:41 / All) ImInSC2Beta: in fact
(24:45 / All) Rabbitz: U can talk american 0ping scum
(24:52 / All) Bleeeeurgh: im not american scrub
(25:00 / All) ImInSC2Beta: ^^
(25:02 / All) DesiRe_: lol
(25:03 / All) DesiRe_: from?
(25:07 / All) ImInSC2Beta: plz dun play sc2
(25:09 / All) ImInSC2Beta: u will be bad @ it
(25:10 / All) DesiRe_: lol!
(25:51 / All) Gobiner: c u
(25:58 / All) Rabbitz: gg 0 ping scum
(26:02 / All) Bleeeeurgh: 2ez scrub
(26:03 / All) Rabbitz: 0ping > skill
(26:08 / All) Gobiner: come back when you got skills son
(26:11 / All) Bleeeeurgh: you dont have either of those things
(26:13 / All) DesiRe_: gg
(26:15 / All) DesiRe_: wp
(26:16 / All) Gobiner: nah
(26:18 / All) Gobiner: 2ez 2 b a gg
(26:19 / All) DesiRe_: lol
(26:20 / All) ImInSC2Beta: took u a while to quit noobie
(26:22 / All) DesiRe_: Lololol
(26:24 / All) DesiRe_: yeah did